 Dungeon Crawl Stone Soup version 0.22-a0-433-gd2a9cce (webtiles) character file.

1239 sscrono2 the Covert (level 8, -8/54 HPs)
             Began as an Octopode Assassin on May 27, 2018.
             Mangled by a hippogriff (12 damage)
             ... on level 7 of the Dungeon.
             The game lasted 00:09:57 (5647 turns).

sscrono2 the Covert (Octopode Assassin)             Turns: 5647, Time: 00:09:58

Health: -8/54      AC:  3    Str: 10    XL:     8   Next: 49%
Magic:  8/8        EV: 13    Int: 16    God:
Gold:   12         SH:  0    Dex: 13    Spells: 7/7 levels left

rFire    . . .     SeeInvis .   a - +2 dagger
rCold    . . .     Gourm    .   (no shield)
rNeg     . . .     Faith    .   p - +2 hat
rPois    .         Spirit   .   (no amulet)
rElec    .         Reflect  .   r - ring of stealth
rCorr    .         Harm     .   (no ring)
MR       .....                  (no ring)
Stlth    ++++++....             (no ring)
HPRegen  0.18/turn              (no ring)
MPRegen  0.11/turn              (no ring)
                                (no ring)
                                (no ring)

@: no status effects
A: almost no armour, stealthy swim, amphibious, 8 rings, constrict 8, camouflage
1, gelatinous body 1
a: no special abilities


You were on level 7 of the Dungeon.
You were near starving.

You visited 1 branch of the dungeon, and saw 7 of its levels.

You collected 372 gold pieces.
You spent 360 gold pieces at shops.

Inventory:

Hand Weapons
 a - a +2 dagger (weapon)
 b - a +0 blowgun
Missiles
 c - 62 poisoned needles
 d - 8 curare-tipped needles
Armour
 n - a +2 large shield
 p - a +2 hat (worn)
Jewellery
 r - a ring of stealth (left tentacle)
Wands
 g - a wand of polymorph (8)
 j - a wand of paralysis (10)
 q - a wand of flame (22)
 y - a wand of iceblast (9)
Scrolls
 e - 3 scrolls of remove curse
 o - a scroll of enchant armour
 s - 2 scrolls of blinking
 u - 3 scrolls of amnesia
 w - 2 scrolls of immolation
Potions
 h - 2 potions of lignification
 i - a potion of cancellation
 k - 4 potions of curing
 l - a potion of haste {unknown}
 v - a potion of ambrosia {unknown}
 z - a potion of heal wounds {unknown}
Comestibles
 f - 11 rations


   Skills:
 + Level 4.9 Fighting
 + Level 4.9 Short Blades
 - Level 2.0 Throwing
 - Level 1.0 Dodging
 + Level 8.4 Stealth
 * Level 5.8 Shields


You had 7 spell levels left.
You didn't know any spells.
Your spell library contained the following spells:

 Spells                   Type           Power        Failure   Level  Hunger
 Fireball                 Conj/Fire      #.........   100%        5    ######.
 Conjure Flame            Conj/Fire      #.......     58%         3    ####...
 Throw Flame              Conj/Fire      #.....       36%         2    ###....
 Sticky Flame             Conj/Fire      #.......     94%         4    #####..
 Flame Tongue             Conj/Fire      #....        26%         1    ##.....
 Inner Flame              Hex/Fire       #.......     58%         3    ####...


Dungeon Overview and Level Annotations

Branches:
Dungeon (7/15)
 Temple: D:4-7

Altars:
Dithmenos
Elyvilon
Fedhas
Gozag
Hepliaklqana
Makhleb
Qazlal
Vehumet
Xom
Zin

Shops:
D:6 (   D:7 *

Annotations:
D:6 dracfodder's ghost, novice GnWn


Innate Abilities, Weirdness & Mutations

You cannot wear most types of armour.
You are very stealthy in the water. (Stealth+)
You are amphibious.
You can wear up to eight rings at the same time.
You can use your tentacles to constrict eight enemies at once.
Your skin changes colour to match your surroundings (Stealth+).
Your rubbery body absorbs attacks. (AC +1, EV +1)


Message History

The hippogriff is lightly wounded.
The hippogriff bites you. The hippogriff misses you. x2
You closely miss the hippogriff.
You squeeze the hippogriff, but do no damage.
The hippogriff is lightly wounded.
You hit the hippogriff but do no damage.
The hippogriff is lightly wounded.
The hippogriff bites you!
* * * LOW HITPOINT WARNING * * *
The hippogriff pecks you!
* * * LOW HITPOINT WARNING * * *
The hippogriff claws you.
* * * LOW HITPOINT WARNING * * *
Evoke which item? (* to show all) (? for menu, Esc to quit)
Aiming: Paralyse
Press: ? - help, Shift-Dir - straight line, f - hippogriff
Aim: a hippogriff (lightly wounded, chance to defeat MR: 41%)
The hippogriff resists with some effort.
The hippogriff bites you!
You die...

########
..#....######
.....=.'..≈≈##
.......#####≈######
......##≈≈;##≈≈.@H#
......#≈≈(;;######.#
......#≈?(≈.##≈;≈#
≈#
......#?PP..#≈≈≈;≈#
#
......#PP.P.#%[.≈.#
......#.....#..≈≈$#
..#...# #P..≈P#
###..## #.....# #..#


You could see a hippogriff and an electric eel.

Vanquished Creatures
  An ice beast (D:6)
  2 ogres
  2 bullfrogs
  3 scorpions
  2 howler monkeys
  A crimson imp (D:3)
  A bullfrog zombie (D:5)
  2 jellies
  2 bullfrog skeletons
  An orc priest (D:4)
  An iguana (D:5)
  Terence (D:3)
  An orc wizard (D:4)
  2 worker ants
  Natasha (thrice) (D:3)
  4 gnolls (D:5)
  7 adders
  An ooze (D:3)
  An adder zombie (D:5)
  2 adder skeletons (D:5)
  2 worms (D:5)
  3 dart slugs
  3 leopard geckos
  13 orcs
  A ball python (D:3)
  3 giant cockroaches
  8 goblins
  10 hobgoblins
  4 jackals (D:6)
  A quokka (D:3)
  6 bats
  7 frilled lizards
  A kobold (D:1)
  A quokka skeleton (D:4)
  2 rats
105 creatures vanquished.

Notes
Turn   | Place    | Note
-------+----------+-------------------------------------------
     0 | D:1      | sscrono2 the Octopode Assassin began the quest for the Orb.
     0 | D:1      | Reached XP level 1. HP: 14/14 MP: 1/1
   119 | D:1      | Reached XP level 2. HP: 18/19 MP: 2/2
   405 | D:1      | Reached XP level 3. HP: 23/25 MP: 3/3
   868 | D:2      | Found an opulent altar of Gozag.
  1042 | D:2      | Reached skill level 6 in Stealth
  1315 | D:3      | Noticed Natasha
  1320 | D:3      | Killed Natasha
  1320 | D:3      | Reached skill level 1 in Shields
  1320 | D:3      | Reached XP level 4. HP: 30/30 MP: 4/4
  1322 | D:3      | Noticed Terence
  1337 | D:3      | Killed Terence
  1344 | D:3      | Noticed a bullfrog
  1350 | D:3      | Noticed Natasha
  1359 | D:3      | Killed Natasha
  1359 | D:3      | Reached XP level 5. HP: 18/36 MP: 5/5
  1595 | D:3      | Found a radiant altar of Vehumet.
  1596 | D:3      | Found a burning altar of Makhleb.
  1599 | D:3      | Reached XP level 6. HP: 42/42 MP: 6/6
  1931 | D:3      | Noticed Natasha
  1936 | D:3      | Killed Natasha
  2274 | D:4      | Reached skill level 7 in Stealth
  2568 | D:4      | Found a shimmering altar of Xom.
  2642 | D:4      | Reached XP level 7. HP: 39/47 MP: 7/7
  2718 | D:4      | Found a blossoming altar of Fedhas.
  2719 | D:4      | Found a glowing silver altar of Zin.
  2719 | D:4      | Found a shadowy altar of Dithmenos.
  2720 | D:4      | Found a white marble altar of Elyvilon.
  2721 | D:4      | Found a stormy altar of Qazlal.
  2723 | D:4      | Found a hazy altar of Hepliaklqana.
  3122 | D:5      | Entered Level 5 of the Dungeon
  3390 | D:5      | Reached XP level 8. HP: 54/54 MP: 8/8
  3506 | D:5      | Reached skill level 5 in Shields
  3877 | D:5      | Reached skill level 8 in Stealth
  5027 | D:6      | Noticed dracfodder's ghost (novice GnWn)
  5482 | D:6      | Found Usisedac's Antique Weapon Shop.
  5588 | D:7      | Found Biegixebas's Assorted Antiques.
  5597 | D:7      | Bought a wand of paralysis (11) for 48 gold pieces
  5597 | D:7      | Bought a scroll labeled NOGIXTECHA for 24 gold pieces
  5597 | D:7      | Bought a scroll labeled RUNKIOTEGU for 24 gold pieces
  5597 | D:7      | Bought a shiny emerald ring for 120 gold pieces
  5597 | D:7      | Bought a scroll labeled NOGIXTECHA for 24 gold pieces
  5597 | D:7      | Bought a scroll labeled RUNKIOTEGU for 24 gold pieces
  5597 | D:7      | Bought a sharpened bone wand for 96 gold pieces
  5638 | D:7      | Noticed a hippogriff
  5647 | D:7      | Mangled by a hippogriff

Vault maps used:
D:1:      eino_arrival_water_cross
D:2:      nicolae_gozag_seed_capital, first_ration
D:3:      grunt_temple_overflow_lords_of_destruction, st_stairs_10,
          uniq_terence, uniq_natasha
D:4:      old_standard_altar, grunt_temple_overflow_open
D:5:      minmay_crystal_water, hex_medium
D:6:      serial_shops, shop, minmay_misc_feat_plants
D:7:      cheibrodos_two_vegetables, minmay_temple_entry_fiery, serial_shops,
          shop

Skill      XL: |  1  2  3  4  5  6  7  8 |
---------------+-------------------------+-----
Stealth        | 6 7 8 |  8.4
Shields        | 1 2 3 4 5 |  5.8
Short Blades   | 3 4 |  4.9
Fighting       | 3 4 |  4.9
Throwing       | |  2.0
Dodging        | |  1.0

Action                   |  1- 3 |  4- 6 |  7- 9 || total
-------------------------+-------+-------+-------++-------
Melee: Dagger            |    63 |    82 |    95 ||   240
       Constrict         |    17 |    15 |    13 ||    45
       Tentacles         |     5 |    15 |    17 ||    37
       Unarmed           |       |    13 |       ||    13
Evoke: Wand              |       |       |    11 ||    11
  Use: Scroll            |       |     5 |     5 ||    10
 Stab: Sleeping          |    16 |     8 |    21 ||    45
       Distracted        |       |     2 |     1 ||     3
       Confused          |       |     1 |       ||     1
       Paralysed         |       |       |     1 ||     1
  Eat: Chunk             |     1 |     4 |     8 ||    13
Armor: Skin              |    10 |     8 |     8 ||    26
Dodge: Dodged            |    32 |    40 |    31 ||   103

Table legend:
 A = Spawn XP
 B = Non-spawn XP
 C = Spawn XP percentage of total XP
 D = Spawn monster count
 E = Non-spawn monster count
 F = Spawn count percentage of total count
 G = Total turns spent on level
                    A         B        C        D         E        F      G
               +---------+---------+-------+---------+---------+-------+---------
         Total |       0 |    1770 |   0.0 |       0 |     105 |   0.0 |  5647
               +---------+---------+-------+---------+---------+-------+---------
           D:1 |       0 |      39 |   0.0 |       0 |      21 |   0.0 |   644
           D:2 |       0 |      31 |   0.0 |       0 |      11 |   0.0 |   671
           D:3 |       0 |     370 |   0.0 |       0 |      20 |   0.0 |   808
           D:4 |       0 |     453 |   0.0 |       0 |      20 |   0.0 |   999
           D:5 |       0 |     452 |   0.0 |       0 |      21 |   0.0 |  1479
           D:6 |       0 |     293 |   0.0 |       0 |      10 |   0.0 |   961
           D:7 |       0 |     132 |   0.0 |       0 |       2 |   0.0 |    85
               +---------+---------+-------+---------+---------+-------+---------
